 Dungeon Crawl Stone Soup version 0.23.2-40-g277498a001 (webtiles) character file.

Game seed: 925563883224085768

90651 FishyPogo the Warrior (level 15, -1/144 HPs)
             Began as a Minotaur Fighter on Oct 19, 2019.
             Was the Champion of Okawaru.
             Slain by a dire elephant (29 damage)
             ... on level 6 of the Lair of Beasts on Oct 20, 2019.
             The game lasted 01:54:54 (19248 turns).

FishyPogo the Warrior (Minotaur Fighter)           Turns: 19248, Time: 01:54:55

Health: -1/144     AC: 23    Str: 33    XL:     15   Next: 52%
Magic:  16/21      EV: 16    Int:  6    God:    Okawaru [******]
Gold:   2088       SH: 15    Dex: 14    Spells: 14/14 levels left

rFire    + + .     SeeInvis .   b - +12 spear "Gaoqexko" {freeze, rN+}
rCold    + . .     Gourm    .   c - +0 shield "Dumoiso" {*Corrode +Fly rN+ Str+3}
rNeg     + + .     Faith    .   Q - +1 chain mail of the Cricket {rF+ Str+6 Dex-3}
rPois    .         Spirit   .   O - +2 hat
rElec    .         Reflect  .   M - +2 cloak {rF+}
rCorr    +         Harm     .   S - +0 pair of gloves "Ojuarywk" {*Contam +Blink rC+}
MR       +....                  m - +1 pair of boots {Stlth+}
Stlth    ..........             (no amulet)
HPRegen  0.34/turn              B - ring of resist corrosion
MPRegen  0.17/turn              G - +5 ring of dexterity

@: finesse
A: retaliatory headbutt, horns 2
a: Heroism, Finesse, Renounce Religion, Evoke Blink, Evoke Flight


You were on level 6 of the Lair of Beasts.
You worshipped Okawaru.
Okawaru was exalted by your worship.
You were not hungry.

You visited 3 branches of the dungeon, and saw 20 of its levels.
You also visited: Bailey, Gauntlet, Ice Cave and Volcano.

You collected 2392 gold pieces.
You spent 304 gold pieces at shops.

Inventory:

Hand Weapons
 a - the +6 war axe "Xiesi" {chop, rPois Str+2 SInv}
   (You found it in a bailey)

   It inflicts extra damage upon your enemies.
   It affects your strength (+2).
   It protects you from poison.
   It lets you see invisible.
 b - the +12 spear "Gaoqexko" (weapon) {freeze, rN+}
   (You found it on level 2 of the Lair of Beasts)

   It has been specially enchanted to freeze those struck by it, causing extra
   injury to most foes and up to half again as much damage against particularly
   susceptible opponents.
   It can also slow down cold-blooded creatures.
   It protects you from negative energy.
Missiles
 i - 27 javelins
 l - 600 stones
 s - 33 tomahawks of returning (quivered)
Armour
 c - the +0 shield "Dumoiso" (worn) {*Corrode +Fly rN+ Str+3}
   (You bought it in a shop on level 2 of the Orcish Mines)

   It affects your strength (+3).
   It protects you from negative energy.
   It lets you fly.
   It may corrode you when you take damage.
 m - a +1 pair of boots of stealth (worn)
 x - a +2 scale mail of positive energy
 E - a +0 large shield of poison resistance
 M - a +2 cloak of fire resistance (worn)
 O - a +2 hat (worn)
 P - a +3 chain mail of magic resistance
 Q - the +1 chain mail of the Cricket (worn) {rF+ Str+6 Dex-3}
   (Okawaru gifted it to you in an ice cave)

   It affects your strength (+6).
   It affects your dexterity (-3).
   It protects you from fire.
 S - the +0 pair of gloves "Ojuarywk" (worn) {*Contam +Blink rC+}
   (You found it on level 4 of the Dungeon)

   It protects you from cold.
   It lets you blink.
   It causes magical contamination when unequipped.
 T - the +7 chain mail "Coarch" {-Tele rPois Str+3 Int+5}
   (You found it on level 7 of the Dungeon)

   It affects your strength (+3).
   It affects your intelligence (+5).
   It protects you from poison.
   It prevents most forms of teleportation.
 W - the +4 robe of Satisfaction {rF+ rCorr Int-5 Dex+3}
   (You found it on level 1 of the Lair of Beasts)

   It affects your intelligence (-5).
   It affects your dexterity (+3).
   It protects you from fire.
   It provides partial protection from all sources of acid and corrosion.
Jewellery
 j - an uncursed ring of protection from magic
 t - a +1 ring of slaying
 y - an uncursed ring of protection from fire
 B - a ring of resist corrosion (left hand)
 G - a +5 ring of dexterity (right hand)
 I - an uncursed ring of poison resistance
 L - the amulet of Estrol {rC+ Regen+ Int-5 Dex+4}
   (You found it in a Gauntlet)

   [amulet of regeneration]

   It affects your intelligence (-5).
   It affects your dexterity (+4).
   It protects you from cold.
   It increases your rate of regeneration.
 U - a +4 ring of dexterity
 X - an uncursed ring of positive energy
Wands
 q - a wand of acid (8)
 A - a wand of polymorph (10)
 D - a wand of iceblast (33)
Scrolls
 k - a scroll of fear
 n - 6 scrolls of teleportation
 r - 3 scrolls of identify
 v - a scroll of brand weapon
 z - 5 scrolls of blinking
 F - 5 scrolls of remove curse
 J - a scroll of amnesia
 N - 2 scrolls of magic mapping
 R - a scroll of fog
 V - 2 scrolls of enchant weapon
 Z - 2 scrolls of immolation
Potions
 d - a potion of might
 e - 2 potions of lignification {unknown}
 g - 2 potions of haste
 h - 4 potions of flight
 o - 3 potions of ambrosia
 p - 3 potions of berserk rage
 u - 3 potions of brilliance
 w - 8 potions of curing
 C - 2 potions of heal wounds
 H - 2 potions of agility
 K - 4 potions of resistance
Comestibles
 f - 39 rations
 Y - 7 chunks of flesh


   Skills:
 * Level 16.0 Fighting
 - Level 9.7(11.0) Axes
   Level 8.5(10.5) Maces & Flails
 - Level 7.0 Throwing
 + Level 13.4 Armour
 + Level 11.2 Dodging
 + Level 13.4 Shields
 + Level 10.4 Invocations


You had 14 spell levels left.
You didn't know any spells.
Your spell library contained the following spells:

 Spells                   Type           Power        Failure   Level  Hunger
 Animate Skeleton         Necr           N/A          88%         1    ##.....
 Apportation              Tloc           #.....       88%         1    ##.....
 Confusing Touch          Hex            #.....       88%         1    ##.....
 Corona                   Hex            #......      88%         1    ##.....
 Freeze                   Ice            #...         88%         1    ##.....
 Magic Dart               Conj           #...         88%         1    ##.....
 Shock                    Conj/Air       #...         88%         1    ##.....
 Summon Small Mammal      Summ           #...         88%         1    ##.....
 Corpse Rot               Necr           N/A          96%         2    ###....
 Ensorcelled Hibernation  Hex/Ice        #.....       96%         2    ###....
 Searing Ray              Conj           #.....       96%         2    ###....
 Sublimation of Blood     Necr           #.........   96%         2    ###....
 Swiftness                Chrm/Air       #.......     96%         2    ###....
 Throw Frost              Conj/Ice       #.....       96%         2    ###....
 Confuse                  Hex            #.......     99%         3    ####...
 Dazzling Spray           Conj/Hex       #.....       99%         3    ####...
 Gell's Gravitas          Tloc           #.........   99%         3    ####...
 Ozocubu's Armour         Chrm/Ice       #.......     99%         3    ####...
 Portal Projectile        Hex/Tloc       #.....       99%         3    ####...
 Static Discharge         Conj/Air       #.......     99%         3    ####...
 Tukima's Dance           Hex            #.......     99%         3    ####...
 Airstrike                Air            #.........   100%        4    #####..
 Force Lance              Conj/Tloc      #.......     100%        4    #####..
 Fulminant Prism          Conj/Hex       #.........   100%        4    #####..
 Ice Form                 Ice/Tmut       #.......     100%        4    #####..
 Iskenderun's Mystic Bla  Conj           #.......     100%        4    #####..
 Leda's Liquefaction      Hex/Erth       #.........   100%        4    #####..
 Petrify                  Tmut/Erth      #.......     100%        4    #####..
 Summon Ice Beast         Ice/Summ       #.......     100%        4    #####..
 Summon Lightning Spire   Summ/Air       #.......     100%        4    #####..
 Throw Icicle             Conj/Ice       #.......     100%        4    #####..
 Agony                    Necr           #.......     100%        5    ######.
 Bolt of Draining         Conj/Necr      #.........   100%        5    ######.
 Bolt of Magma            Conj/Fire/Erth #.........   100%        5    ######.
 Borgnjor's Vile Clutch   Necr/Erth      #.........   100%        5    ######.
 Dispel Undead            Necr           #.......     100%        5    ######.
 Excruciating Wounds      Chrm/Necr      #.........   100%        5    ######.
 Lightning Bolt           Conj/Air       #.........   100%        5    ######.
 Metabolic Englaciation   Hex/Ice        #.........   100%        5    ######.
 Silence                  Hex/Air        #.........   100%        5    ######.
 Yara's Violent Unravell  Hex/Tmut       #.........   100%        5    ######.
 Bolt of Cold             Conj/Ice       #.........   100%        6    #######
 Darkness                 Hex            #.........   100%        6    #######
 Deflect Missiles         Chrm/Air       #.........   100%        6    #######
 Dispersal                Tloc           #.........   100%        6    #######
 Freezing Cloud           Conj/Ice/Air   #.........   100%        6    #######
 Iron Shot                Conj/Erth      #.........   100%        6    #######
 Ozocubu's Refrigeration  Ice            #.........   100%        6    #######
 Shadow Creatures         Summ           N/A          100%        6    #######
 Simulacrum               Ice/Necr       #.........   100%        6    #######
 Statue Form              Tmut/Erth      #........    100%        6    #######
 Controlled Blink         Tloc           N/A          100%        8    #######
 Disjunction              Tloc           #.........   100%        8    #######
 Shatter                  Erth           #.........   100%        9    #######


Dungeon Overview and Level Annotations

Branches:
Dungeon (12/15)            Temple (0/1) D:5            Lair (6/6) D:11
  Swamp (0/4) Lair:4       Spider (0/4) Lair:2        Slime (0/5) Lair:6
    Orc (2/2) D:12            Elf (0/3) Orc:2

Altars:
Cheibriados
Gozag
Hepliaklqana
Kikubaaqudgha
Nemelex Xobeh
Okawaru
Qazlal
Ru
Sif Muna
Vehumet
Wu Jian
Xom
Beogh

Shops:
Orc:2 [[!?

Annotations:
Lair:1 3 runed translucent doors, grouchysmurf's ghost, journeyman HOMo
Orc:1 2 transporters


Innate Abilities, Weirdness & Mutations

You reflexively headbutt those who attack you in melee.
You have a pair of horns on your head.


Message History

You start resting.
Eating one of 8 chunks of flesh.
You eat one of the 8 chunks of flesh.
This raw flesh tastes terrible.
The dire elephant is too close now for your liking.
The dire elephant trumpets!
You blink.
You feel slightly more hungry.
You start resting.
The dire elephant is too close now for your liking.
You hit the dire elephant but do no damage.
You headbutt the dire elephant, but do no damage.
You block the dire elephant's attack.
The dire elephant completely misses you.
You hit the dire elephant. You freeze the dire elephant.
The dire elephant is lightly wounded.
You can now deal lightning-fast blows.
The dire elephant tramples you but does no damage.
The dire elephant completely misses you.
You hit the dire elephant but do no damage.
The dire elephant is lightly wounded.
The dire elephant tramples you!!
You die...

...........#
.P##......♣# ..#.......#
♣ ####......♣ 8♣#
..##......# ♣.##
..........# #..#
..........# ##..##
.#.#......♣ #####....#
..#.......♣# +@..#....#
.#.#.......# ###Y.'....#
..#........♣#
#...8#....#
..#.........♣
#.####...##
............♣##.#..'...#
............##..#P.'..##
............##.##..####
<..........###†#...#
##........♣#...#8.8#


You could see a dire elephant.

Vanquished Creatures
  A frost giant (IceCv)
  An orc warlord (Bailey)
  A stone giant (Volcano)
  An entropy weaver (Gauntlet)
  A minotaur (Gauntlet)
  3 dire elephants (Lair:6)
  The ghost of Pance99 the Spear-Bearer, a journeyman MiBe of Trog (D:11)
  Fannar (D:11)
  6 hydras
  An anaconda (Lair:6)
  3 two-headed ogres
  15 death yaks
  9 orc knights
  2 unseen horrors
  Pikel (D:9)
  An orc sorcerer (Orc:2)
  A wolf spider (Gauntlet)
  4 cyclopes
  A deep elf mage (D:10)
  An oklob plant (Lair:5)
  An ugly thing (D:11)
  8 elephants
  An ice statue (IceCv)
  2 molten gargoyles (Volcano)
  A smoke demon (Gauntlet)
  A torpor snail (Lair:5)
  2 rime drakes
  2 black mambas
  17 spiny frogs
  3 gargoyles (Volcano)
  An efreet (Volcano)
  4 komodo dragons
  An ice devil (Gauntlet)
  A jumping spider (Gauntlet)
  A red devil (Gauntlet)
  3 meliai (Lair:5)
  6 trolls
  21 polar bears
  2 queen bees
  2 tyrant leeches (Lair:4)
  A hornet (D:11)
  20 blink frogs
  4 dream sheep (Lair:6)
  8 hippogriffs
  A spriggan (D:7)
  A vampire (D:10)
  A shadow (D:12)
  A wyvern (D:10)
  61 yaks
  7 basilisks
  A hungry ghost (D:8)
  2 fire bats (Volcano)
  The ghost of Setanta the Insei, an amateur OpMo (D:3)
  5 vampire mosquitoes
  Edmund (D:4)
  5 wargs (Orc:2)
  2 swamp worms (Lair:4)
  8 water moccasins
  8 porcupines
  A black bear (D:9)
  3 ice beasts
  43 orc warriors
  4 slaves (D:9)
  A necrophage (D:8)
  4 sky beasts
  2 ogres
  14 wolves
  3 phantoms
  4 centaurs
  10 crocodiles
  A big kobold (D:11)
  21 bullfrogs
  An earth elemental (Volcano)
  A water moccasin skeleton (D:6)
  2 wyvern skeletons
  6 scorpions
  67 killer bees
  8 wights
  5 howler monkeys
  An electric eel (D:6)
  8 lava snakes (Volcano)
  13 crimson imps
  3 bullfrog zombies
  5 quasits
  2 centaur skeletons
  2 centaur zombies
  15 orc priests
  7 hounds
  4 jellies
  3 bullfrog skeletons
  30 orc wizards
  Jessica (D:3)
  3 iguanas
  2 hell rats (Lair:5)
  9 worker ants
  A hound skeleton (D:5)
  A howler monkey zombie (D:8)
  2 worker ant zombies
  8 adders
  A shadow imp (D:9)
  3 white imps (Gauntlet)
  4 oozes
  3 adder skeletons
  2 adder zombies
  4 worms
  3 dart slugs
  7 leopard geckos
  90 orcs
  2 ball pythons
  4 bats
  6 giant cockroaches
  11 goblins
  15 hobgoblins
  13 jackals
  33 kobolds
  7 quokkas
  5 frilled lizards
  A quokka skeleton (D:4)
  4 rats (D:2)
  2 plants (Lair:6)
814 creatures vanquished.

Vanquished Creatures (collateral kills)
  2 centaurs (D:10)
  A jelly (D:10)
3 creatures vanquished.

Vanquished Creatures (others)
  A crimson imp (Gauntlet)
  25 fungi
  12 plants
  2 withered plants (D:11)
40 creatures vanquished.

Grand Total: 857 creatures vanquished

Notes
Turn   | Place    | Note
-------+----------+-------------------------------------------
     0 | D:1      | FishyPogo the Minotaur Fighter began the quest for the Orb.
     0 | D:1      | Reached XP level 1. HP: 19/19 MP: 0/0
    88 | D:1      | Reached XP level 2. HP: 26/27 MP: 1/1
   138 | D:1      | Reached skill level 4 in Fighting
   228 | D:2      | Reached XP level 3. HP: 23/33 MP: 2/2
   384 | D:1      | Reached skill level 1 in Dodging
   991 | D:2      | Reached XP level 4. HP: 41/41 MP: 3/3
  1439 | D:3      | Noticed Jessica
  1445 | D:3      | Killed Jessica
  1445 | D:3      | Reached skill level 1 in Maces & Flails
  1516 | D:3      | Reached XP level 5. HP: 45/47 MP: 4/4
  1598 | D:3      | Found an opulent altar of Gozag.
  1664 | D:3      | Found a transporter.
  1700 | D:3      | Noticed Setanta's ghost (amateur OpMo)
  1708 | D:3      | Found a transporter.
  1903 | D:4      | Reached skill level 5 in Fighting
  1903 | D:4      | Reached skill level 5 in Shields
  1909 | D:4      | Got a pair of faintly glowing gloves
  1992 | D:4      | Noticed a phantom
  2001 | D:4      | Killed a phantom
  2001 | D:4      | Reached XP level 6. HP: 55/56 MP: 5/5
  2378 | D:4      | Noticed Edmund
  2391 | D:4      | Killed Edmund
  2391 | D:4      | Reached skill level 1 in Throwing
  2476 | D:4      | Identified the cursed +0 pair of gloves "Ojuarywk" {*Contam
                  | +Blink rC+} (You found it on level 4 of the Dungeon)
  2576 | D:4      | Found a shimmering altar of Xom.
  2659 | D:4      | Found a sacrificial altar of Ru.
  2662 | D:4      | Found an ancient bone altar of Kikubaaqudgha.
  2686 | D:4      | Found a radiant altar of Vehumet.
  2688 | D:4      | Found an iron altar of Okawaru.
  2716 | D:5      | Entered Level 5 of the Dungeon
  2786 | D:5      | Reached XP level 7. HP: 59/62 MP: 6/6
  2802 | D:4      | Became a worshipper of Warmaster Okawaru
  2829 | D:5      | Reached skill level 6 in Fighting
  3422 | D:5      | Reached skill level 5 in Armour
  3476 | D:5      | Found a staircase to the Ecumenical Temple.
  3626 | D:6      | Reached * piety under Okawaru
  3696 | D:6      | Reached XP level 8. HP: 71/71 MP: 7/7
  4041 | D:6      | Reached skill level 7 in Fighting
  4041 | D:6      | Reached skill level 5 in Maces & Flails
  4120 | D:6      | Reached skill level 1 in Invocations
  4369 | D:7      | You fall through a shaft!
  4371 | D:8      | Reached ** piety under Okawaru
  4414 | D:8      | Reached XP level 9. HP: 65/80 MP: 9/9
  4425 | D:8      | Found an ancient bone altar of Kikubaaqudgha.
  4426 | D:8      | Found a sparkling altar of Nemelex Xobeh.
  4426 | D:8      | Found an opulent altar of Gozag.
  4426 | D:8      | Found an ornate altar of the Wu Jian Council.
  4511 | D:8      | Noticed a cyclops
  4630 | D:7      | Reached *** piety under Okawaru
  4630 | D:7      | Reached skill level 8 in Fighting
  4956 | D:7      | Found a snail-covered altar of Cheibriados.
  4992 | D:7      | Got a jet-encrusted chain mail
  5003 | D:7      | Identified the +7 chain mail "Coarch" {-Tele rPois Str+3
                  | Int+5} (You found it on level 7 of the Dungeon)
  5030 | D:7      | Reached **** piety under Okawaru
  5359 | D:8      | Found a stormy altar of Qazlal.
  5449 | D:8      | Reached XP level 10. HP: 77/90 MP: 11/11
  5539 | D:8      | Killed an unseen horror
  5539 | D:8      | Reached skill level 5 in Dodging
  5610 | D:8      | Killed a cyclops
  5610 | D:8      | Reached ***** piety under Okawaru
  5610 | D:8      | Reached skill level 9 in Fighting
  5611 | D:8      | Found a hazy altar of Hepliaklqana.
  5924 | D:9      | Reached skill level 5 in Throwing
  5977 | D:9      | Noticed a two-headed ogre
  5992 | D:9      | Killed a two-headed ogre
  5992 | D:9      | Received a gift from Okawaru
  6073 | D:9      | Noticed Pikel
  6241 | D:9      | Reached XP level 11. HP: 77/97 MP: 9/13
  6260 | D:9      | Killed Pikel
  6671 | D:10     | Entered Level 10 of the Dungeon
  6762 | D:10     | You fall through a shaft!
  6765 | D:11     | Noticed a cyan ugly thing
  6779 | D:11     | Killed a cyan ugly thing
  6779 | D:11     | Reached skill level 5 in Invocations
  6820 | D:11     | Received a gift from Okawaru
  6865 | D:11     | Found a deep blue altar of Sif Muna.
  6943 | D:11     | Noticed a six-headed hydra
  6974 | D:11     | Killed a six-headed hydra
  7039 | D:10     | Found a flagged portal.
  7054 | Bailey   | Entered a bailey
  7059 | Bailey   | Noticed an orc warlord
  7169 | Bailey   | Found a runed translucent gate.
  7170 | Bailey   | Found a runed translucent gate.
  7172 | Bailey   | Found a runed translucent gate.
  7357 | Bailey   | Killed an orc warlord
  7357 | Bailey   | Reached skill level 10 in Fighting
  7375 | Bailey   | Got an ebony war axe
  7376 | Bailey   | Identified the +6 war axe "Xiesi" {chop, rPois Str+2 SInv}
                  | (You found it in a bailey)
  7444 | D:10     | Received a gift from Okawaru
  7448 | D:10     | Reached skill level 10 in Shields
  7795 | D:10     | Noticed a deep elf mage
  7807 | D:10     | Killed a deep elf mage
  7988 | D:11     | Found a runed translucent door.
  7989 | D:11     | Noticed Pance99's ghost (journeyman MiBe)
  8000 | D:11     | Noticed a two-headed ogre
  8007 | D:11     | Killed a two-headed ogre
  8007 | D:11     | Reached skill level 5 in Axes
  8007 | D:11     | Reached skill level 10 in Armour
  8015 | D:11     | Noticed Fannar
  8042 | D:11     | Killed Fannar
  8042 | D:11     | Reached XP level 12. HP: 84/106 MP: 13/15
  8099 | D:11     | Found a staircase to the Lair.
  8269 | D:12     | Found a staircase to the Orcish Mines.
  8313 | D:12     | Got an encrusted falchion
  8391 | D:12     | Noticed an eight-headed hydra
  8521 | D:12     | Received a gift from Okawaru
  8587 | D:12     | Found a gate leading to a gauntlet.
  8595 | Gauntlet | Entered a Gauntlet
  8595 | Gauntlet | Found a transporter.
  8595 | Gauntlet | Found a transporter.
  8597 | Gauntlet | Found a transporter.
  8600 | Gauntlet | Found a transporter.
  8601 | Gauntlet | Found a transporter.
  8601 | Gauntlet | Found a transporter.
  8634 | Gauntlet | Found a transporter.
  8637 | Gauntlet | Found a transporter.
  8641 | Gauntlet | Found a runed translucent door.
  8641 | Gauntlet | Found a runed translucent door.
  8647 | Gauntlet | Found a transporter.
  8662 | Gauntlet | Noticed an entropy weaver
  8663 | Gauntlet | Found a transporter.
  8668 | Gauntlet | Found a transporter.
  8691 | Gauntlet | Found a transporter.
  8747 | Gauntlet | Identified the cursed +0 falchion of Propriety {drain, rC-
                  | rN+ Int+3} (You found it on level 12 of the Dungeon)
  9084 | Gauntlet | Killed an entropy weaver
  9374 | Gauntlet | Got a crude iron amulet
  9376 | Gauntlet | Lost intelligence.
  9376 | Gauntlet | Identified the amulet of Estrol {rC+ Regen+ Int-5 Dex+4}
                  | (You found it in a Gauntlet)
  9407 | Gauntlet | Identified 2 scrolls of acquirement
  9448 | Gauntlet | Noticed a minotaur
  9461 | Gauntlet | Killed a minotaur
  9461 | Gauntlet | Reached skill level 11 in Fighting
  9470 | Gauntlet | Identified the Volume of Air
  9503 | Gauntlet | Lost intelligence.
 10410 | D:3      | Killed Setanta's ghost
 10567 | Lair:1   | Entered Level 1 of the Lair of Beasts
 10674 | Lair:1   | Got a faintly glowing robe
 10720 | Lair:1   | Received a gift from Okawaru
 10776 | Lair:1   | Found a runed translucent gate.
 10777 | Lair:1   | Found a runed translucent gate.
 10777 | Lair:1   | Noticed grouchysmurf's ghost (journeyman HOMo)
 10778 | Lair:1   | Found a runed translucent gate.
 10778 | Lair:1   | Noticed a ten-headed hydra
 10779 | Lair:1   | Noticed an 11-headed hydra
 11311 | Lair:2   | Found a frozen archway.
 11335 | Lair:2   | Reached XP level 13. HP: 106/117 MP: 17/17
 11356 | IceCv    | Entered an ice cave
 11415 | IceCv    | Lost intelligence.
 11423 | IceCv    | Identified the +4 robe of Satisfaction {rF+ rCorr Int-5
                  | Dex+3} (You found it on level 1 of the Lair of Beasts)
 11444 | IceCv    | Got an encrusted chain mail
 11455 | IceCv    | Identified the +7 chain mail "Teocom" {Dex+4} (You found it
                  | in an ice cave)
 11491 | IceCv    | Reached ****** piety under Okawaru
 11539 | IceCv    | Reached skill level 12 in Fighting
 11793 | IceCv    | Noticed a frost giant
 11825 | IceCv    | Killed a frost giant
 11825 | IceCv    | Received a gift from Okawaru
 11831 | IceCv    | Got a bloodstained chain mail {god gift}
 11842 | IceCv    | Identified the +1 chain mail of the Cricket {rF+ Str+6
                  | Dex-3} (Okawaru gifted it to you in an ice cave)
 12103 | Lair:2   | Got an iridescent spear
 12104 | Lair:2   | Identified the +12 spear "Gaoqexko" {freeze, rN+} (You
                  | found it on level 2 of the Lair of Beasts)
 12344 | Lair:2   | Found a hole to the Spider Nest.
 12551 | Lair:3   | Reached skill level 13 in Fighting
 13309 | Lair:4   | Found an ornate altar of the Wu Jian Council.
 13516 | Lair:4   | Reached XP level 14. HP: 129/129 MP: 19/19
 13610 | Lair:4   | Found a staircase to the Swamp.
 14114 | Lair:5   | Received a gift from Okawaru
 14210 | Lair:5   | HP: 3/130 [meliai/divine providence (13)]
 14214 | Lair:5   | Received a gift from Okawaru
 14219 | Lair:4   | Reached skill level 14 in Fighting
 14404 | Orc:1    | Entered Level 1 of the Orcish Mines
 14470 | Orc:1    | Found a dark tunnel.
 14481 | Volcano  | Entered a volcano
 14941 | Volcano  | Found a radiant altar of Vehumet.
 14966 | Volcano  | Received a gift from Okawaru
 14987 | Volcano  | Noticed a stone giant
 14994 | Volcano  | Killed a stone giant
 15056 | Volcano  | Reached skill level 10 in Dodging
 15529 | Orc:1    | Found a transporter.
 15529 | Orc:1    | Found a transporter.
 15534 | Orc:1    | Found a roughly hewn altar of Beogh.
 15829 | Orc:2    | Entered Level 2 of the Orcish Mines
 16089 | Orc:2    | Found a roughly hewn altar of Beogh.
 16319 | Orc:2    | Found a roughly hewn altar of Beogh.
 16407 | Orc:2    | Found Samano's Magic Scroll Shoppe.
 16407 | Orc:2    | Found Ugafept's Distillery.
 16506 | Orc:2    | Found Paixosir's Antique Armour Shop.
 16546 | Orc:2    | Bought a slimy shield for 304 gold pieces
 16561 | Orc:2    | Identified the +0 shield "Dumoiso" {*Corrode +Fly rN+
                  | Str+3} (You bought it in a shop on level 2 of the Orcish
                  | Mines)
 16566 | Orc:2    | Found Lupixa's Armour Shoppe.
 16843 | Orc:2    | Found a staircase to the Elven Halls.
 16868 | Orc:2    | Reached skill level 15 in Fighting
 17182 | D:11     | Killed Pance99's ghost
 17496 | Lair:5   | Reached XP level 15. HP: 120/141 MP: 21/21
 17670 | Lair:5   | Received a gift from Okawaru
 17695 | Lair:5   | Reached skill level 10 in Invocations
 17858 | Lair:5   | Found a hazy altar of Hepliaklqana.
 18154 | Lair:6   | Entered Level 6 of the Lair of Beasts
 18250 | Lair:6   | Received a gift from Okawaru
 18554 | Lair:6   | Found a staircase to the Slime Pits.
 19184 | Lair:6   | Reached skill level 16 in Fighting
 19248 | Lair:6   | Slain by a dire elephant

Skill      XL: |  1  2  3  4  5  6  7  8  9 10 11 12 13 14 15 |
---------------+----------------------------------------------+-----
Shields        | 4 5 6 7 8 9 10 11 12 13 | 13.4
Fighting       | 4 5 6 7 8 9 10 11 13 15 16 | 16.0
Dodging        | 1 2 3 4 6 7 8 9 10 11 | 11.2
Armour         | 4 5 7 8 10 11 12 13 | 13.4
Maces & Flails | 1 2 3 4 5 7 8 |  8.5
Throwing       | 1 2 3 4 5 6 7 |  7.0
Invocations    | 1 3 4 6 7 8 9 10 | 10.4
Axes           | 5 8 9 |  9.7

Action                   |  1- 3 |  4- 6 |  7- 9 | 10-12 | 13-15 || total
-------------------------+-------+-------+-------+-------+-------++-------
Melee: War axe           |    18 |       |       |   224 |   295 ||   537
       Whip              |    50 |   145 |   380 |   276 |       ||   851
       Headbutt          |     9 |    25 |    95 |   163 |   351 ||   643
       Broad axe         |       |       |       |    37 |       ||    37
       Falchion          |       |       |       |    20 |       ||    20
       Spear             |       |       |       |       |   897 ||   897
Throw: Javelin           |       |     6 |       |     8 |       ||    14
       Stone             |       |     8 |    26 |    20 |       ||    54
       Tomahawk          |       |       |       |    35 |    22 ||    57
Invok: Heroism           |       |       |       |    11 |    12 ||    23
       Finesse           |       |       |       |     5 |     6 ||    11
 Abil: Evoke Blink       |       |       |     2 |       |     2 ||     4
  Use: Scroll            |       |     3 |       |    16 |    13 ||    32
       Potion            |       |       |       |     4 |     6 ||    10
 Stab: Invisible         |       |       |       |       |     3 ||     3
  Eat: Chunk             |       |    16 |    12 |    17 |    27 ||    72
Armor: Scale mail        |    22 |    51 |    90 |       |       ||   163
       Chain mail        |       |       |    31 |   226 |   282 ||   539
       Robe              |       |       |       |     3 |     1 ||     4
Dodge: Dodged            |    31 |    37 |   101 |   272 |   392 ||   833
Block: Shield            |    34 |    62 |   184 |   448 |   633 ||  1361
       Rpst.: Falchion   |       |       |       |     2 |       ||     2
